 Seeded DCSS version 0.31-a0-819-gf6de2f5ab6 (webtiles) character file.

Game seed: 20230923 (custom seed)

21452 greenreed the Destroyer (level 12, -1/59 HPs)
             Began as a Tengu Air Elementalist on Sept 23, 2023.
             Was an Elder of Vehumet.
             Shot with an arrow by a centaur warrior (8 damage)
             ... on level 13 of the Dungeon.
             The game lasted 00:47:41 (16461 turns).

greenreed the Destroyer (Tengu Air Elementalist)   Turns: 16461, Time: 00:47:41

Health: -1/59      AC: 10    Str: 10    XL:     12   Next: 90%
Magic:  24/28      EV: 20    Int: 29    God:    Vehumet [****..]
Gold:   611        SH:  0    Dex: 14    Spells: 10/34 levels left

rFire   + . .        B - staff of conjuration
rCold   . . .        (no shield)
rNeg    . . .        y - +1 robe of Terror {rElec rF+ Int+3}
rPois   .            k - +2 hat
rElec   +            (no cloak)
rCorr   .            K - +0 pair of gloves
SInv    .            (boots unavailable)
Will    .....        (no amulet)
Stlth   ++           M - +6 ring of intelligence
HPRegen 0.29/turn    O - +4 ring of protection
MPRegen 0.21/turn

%: acrobat
@: swift (expiring), flying, very quick
A: beak, talons 3, evasive flight, acrobatic
a: Renounce Religion


You were on level 13 of the Dungeon.
You worshipped Vehumet.
Vehumet was greatly pleased with you.
You visited 2 branches of the dungeon, and saw 14 of its levels.
You also visited: Sewer and Ossuary.

You collected 611 gold pieces.

Inventory:

Missiles
 F - a throwing net
Armour
 k - a +2 hat (worn)
 p - the +1 robe "Mupaum" {rElec rCorr Dex-4}
   (You found it on level 3 of the Dungeon)

   Dex-4:     It affects your dexterity (-4).
   rElec:     It insulates you from electricity.
   rCorr:     It protects you from acid and corrosion.
 y - the +1 robe of Terror (worn) {rElec rF+ Int+3}
   (You found it on level 5 of the Dungeon)

   Int+3:     It affects your intelligence (+3).
   rF+:       It protects you from fire.
   rElec:     It insulates you from electricity.
 E - a scarf of harm
 H - a +2 robe of willpower
 K - a +0 pair of gloves (worn)
Magical Staves
 d - a staff of air
 B - a staff of conjuration (weapon)
Jewellery
 A - a +6 ring of strength
 M - a +6 ring of intelligence (left hand)
 O - a +4 ring of protection (right hand)
 P - a +5 ring of evasion
Wands
 s - a wand of mindburst (6)
 G - a wand of roots (8)
 J - a wand of flame (20)
 Q - a wand of digging (6)
 S - a wand of paralysis (6)
Scrolls
 g - 6 scrolls of teleportation {unknown}
 h - 2 scrolls of blinking
 i - 4 scrolls of amnesia {unknown}
 l - 11 scrolls of identify {unknown}
 n - a scroll of vulnerability {unknown}
 o - a scroll of acquirement {unknown}
 v - a scroll of summoning {unknown}
 C - 6 scrolls of poison {unknown}
 D - a scroll of revelation {unknown}
 N - a scroll of fog {unknown}
 R - a scroll of brand weapon {unknown}
 T - a scroll of enchant weapon {unknown}
 U - a scroll of fear {unknown}
 V - a scroll of enchant armour {unknown}
Potions
 b - 2 potions of magic
 c - 12 potions of curing {unknown}
 e - 3 potions of attraction {unknown}
 f - 8 potions of heal wounds {unknown}
 j - 5 potions of enlightenment {unknown}
 m - 5 potions of brilliance {unknown}
 q - a potion of invisibility {unknown}
 r - a potion of haste {unknown}
 t - a potion of berserk rage {unknown}
 u - 2 potions of lignification {unknown}
 w - 2 potions of cancellation {unknown}
 x - a potion of degeneration {unknown}
 z - a potion of might {unknown}
 I - a potion of mutation {unknown}
 L - a potion of resistance {unknown}
Miscellaneous
 a - a phantom mirror


   Skills:
 - Level 4.3 Staves
 + Level 9.8 Dodging
 - Level 2.0 Stealth
 * Level 11.7 Spellcasting
 * Level 14.6 Conjurations
 + Level 11.9 Air Magic


You had 10 spell levels left.
You knew the following spells:

 Your Spells              Type           Power      Damage    Failure   Level
a - Shock                 Conj/Air       100%       1d9       0%          1
b - Swiftness             Air            72%        N/A       1%          3
c - Airstrike             Air            36%        2d(6-22)  1%          4
d - Static Discharge      Conj/Air       100%       2-7/arc   0%          2
e - Foxfire               Conj/Fire      100%       2x1d9     1%          1
f - Stone Arrow           Conj/Erth      100%       3d13      1%          3
g - Freezing Cloud        Conj/Ice/Air   40%        6-21      1%          5
h - Fireball              Conj/Fire      36%        3d15      1%          5

Your spell library contained the following spells:

 Spells                   Type           Power      Damage    Failure   Level
 Hailstorm                Conj/Ice       73%        3d15      1%          3
 Cigotuvi's Dreadful Rot  Necr/Pois/Air  80%        N/A       1%          2
 Iskenderun's Mystic Bla  Conj/Tloc      73%        2d15      1%          4
 Ignite Poison            Fire/Tmut/Pois 17%        N/A       2%          3
 Slow                     Hex            68%        N/A       3%          1
 Blink                    Tloc           34%        N/A       4%          2
 Call Canine Familiar     Summ           17%        N/A       10%         3
 Confusing Touch          Hex            17%        N/A       10%         3
 Sigil of Binding         Hex            17%        N/A       10%         3
 Tukima's Dance           Hex            17%        N/A       10%         3
 Vampiric Draining        Necr           17%        2d7       10%         3
 Cause Fear               Hex            8%         N/A       30%         4
 Dimensional Bullseye     Hex/Tloc       8%         N/A       30%         4
 Leda's Liquefaction      Hex/Erth       8%         N/A       30%         4
 Manifold Assault         Tloc           17%        N/A       30%         4
 Chain Lightning          Conj/Air       48%        3d64      96%         9
 Dragon's Call            Summ           8%         N/A       100%        9
 Fire Storm               Conj/Fire      36%        8d9       100%        9
 Shatter                  Erth           8%         3d10*     100%        9


Dungeon Overview and Level Annotations

Branches:
Dungeon (13/15)            Temple (1/1) D:6            Lair (0/5) D:10
    Orc (0/2) D:12          Sewer (visited)         Ossuary (visited)
 Vaults: D:13-14

Altars:
Ashenzari
Cheibriados
Dithmenos
Elyvilon
Fedhas
Gozag
Hepliaklqana
Kikubaaqudgha
Makhleb
Nemelex Xobeh
Okawaru
Qazlal
Ru
Sif Muna
Trog
Uskayaw
Vehumet
Wu Jian
Xom
Yredelemnul
Zin
The Shining One

Shops:
D:2 [

Annotations:
D:5 2 runed translucent doors
D:9 3 runed translucent doors, heikuro's ghost, novice FoFi


Innate Abilities, Weirdness & Mutations

You have a beak for a mouth.
You have claws for feet.
Your magical flight helps you evade attacks. (EV +4)
You can magically evade attacks while moving or waiting.


Message History

Confirm with . or Enter, or press ? or * to list all spells.
Aiming: Stone Arrow (safe; 1% risk of failure)
Press: ? - help, Shift-Dir - straight line, f - centaur warrior
Aim: a centaur warrior, wielding a +0 orcbow (84% to hit)
You feel a surge of power!
The stone arrow hits the centaur warrior!
The centaur warrior is lightly wounded.
The centaur warrior shoots an arrow.
The arrow hits you!!
Casting: Stone Arrow (safe; 1% risk of failure)
Confirm with . or Enter, or press ? or * to list all spells.
Aiming: Stone Arrow (safe; 1% risk of failure)
Press: ? - help, Shift-Dir - straight line, f/p - centaur warrior
Aim: a centaur warrior, wielding a +0 orcbow (lightly wounded, 84% to hit)
You feel a surge of power!
The stone arrow hits the centaur warrior!
The centaur warrior is heavily wounded.
You hear a shout!
The centaur warrior shoots an arrow.
The arrow barely misses you.
The centaur warrior shoots an arrow.
The arrow hits you!
You hear a shout!
You hear two shouts!
Casting: Stone Arrow (safe; 1% risk of failure)
Confirm with . or Enter, or press ? or * to list all spells.
You feel quick.
The centaur warrior shoots an arrow.
The arrow closely misses you.
You see here an ugly thing corpse.
The centaur warrior shoots an arrow.
The arrow completely misses you.
A centaur comes into view.
A centaur comes into view.
The centaur warrior shoots an arrow.
The arrow hits you but does no damage.
The centaur warrior shoots an arrow.
The arrow hits you!
The centaur warrior shoots an arrow.
The arrow completely misses you.
The centaur warrior shoots an arrow.
The arrow misses you.
The centaur warrior shoots an arrow.
The arrow misses you.
The centaur warrior shoots an arrow.
The arrow hits you!!
* * * LOW HITPOINT WARNING * * *
The centaur warrior shoots an arrow.
The arrow closely misses you.
There is a stone staircase leading up here.
You start to feel a little slower.
The centaur warrior shoots an arrow.
The arrow hits you!
You die...

.....##########............###.#
.....# #c...........# #.# ####.#
#...#######..# #.# #.# #...#
#..# #.# #.# #...# #..# #.# #.#
#...# #..# #.# #.#
#...#######..# #.# #.#
#...........[# #.#
####.##########.@..........###.#
........)......................#
################################


You could see a centaur warrior.

Vanquished Creatures
  A centaur warrior (D:13)
  A hydra (D:13)
  2 two-headed ogres
  A tengu warrior (D:13)
  An ugly thing (D:13)
  2 manticores
  An oklob plant (D:10)
  A gargoyle (D:11)
  3 unseen horrors
  3 kobold demonologists (D:10)
  4 yaktaurs (D:13)
  A komodo dragon (D:12)
  3 trolls
  An efreet (D:13)
  A hornet (D:8)
  The ghost of Newt the Skirmisher, an amateur KoHu of Hepliaklqana (D:7)
  4 slime creatures (D:12)
  2 shadows
  26 yaks
  15 vampire mosquitoes
  A wyvern (D:7)
  3 steam dragons
  An acid dragon (D:10)
  4 water moccasins
  7 orc warriors
  A sky beast (D:6)
  A black bear (D:4)
  4 ogres
  7 centaurs
  5 kobold brigands
  5 bullfrogs
  A gnoll sergeant (D:13)
  4 scorpions
  3 water moccasin zombies (Ossuary)
  5 wights (D:8)
  4 killer bees (D:11)
  7 howler monkeys
  5 hounds
  8 orc priests
  A gnoll bouda (D:5)
  Ijyb (D:5)
  3 sleepcaps
  3 iguanas
  9 orc wizards
  2 mummies (Ossuary)
  12 gnolls
  8 adders
  2 river rats (D:6)
  A shadow imp (D:7)
  3 white imps
  3 adder zombies (Ossuary)
  3 dart slugs
  37 orcs
  10 ball pythons
  15 endoplasms
  19 giant cockroaches
  3 goblins
  6 hobgoblins
  5 jackals
  16 kobolds
  8 quokkas
  3 bats
  11 frilled lizards
  2 gnoll zombies (Ossuary)
  6 hobgoblin zombies (Ossuary)
  7 kobold zombies (Ossuary)
  6 orc zombies (Ossuary)
  7 rats
362 creatures vanquished.

Vanquished Creatures (others)
  12 foxfires
12 creatures vanquished.

Grand Total: 374 creatures vanquished

Notes
Turn   | Place    | Note
-------+----------+-------------------------------------------
     0 | D:1      | greenreed the Tengu Air Elementalist began the quest for
                  | the Orb.
     0 | D:1      | Reached XP level 1. HP: 10/10 MP: 4/4
   405 | D:1      | Reached XP level 2. HP: 15/15 MP: 3/6
  1139 | D:1      | Reached skill level 2 in Conjurations
  1263 | D:2      | Reached XP level 3. HP: 19/19 MP: 5/7
  1390 | D:2      | Found a faded altar of an unknown god.
  2006 | D:2      | Found Sito's Armour Shop.
  2269 | D:2      | Learned a level 3 spell: Swiftness
  2562 | D:3      | Reached XP level 4. HP: 24/24 MP: 4/9
  2886 | D:3      | Identified the +1 robe "Mupaum" {rElec rCorr Dex-4}
  3153 | D:4      | Noticed a black bear
  3164 | D:4      | Killed a black bear
  3165 | D:4      | Reached skill level 3 in Conjurations
  3165 | D:4      | Reached skill level 5 in Air Magic
  3165 | D:4      | Reached XP level 5. HP: 28/28 MP: 3/11
  3208 | D:4      | Reached XP level 6. HP: 31/32 MP: 3/12
  3586 | D:4      | Found a glowing golden altar of the Shining One.
  3639 | D:4      | Reached skill level 4 in Conjurations
  3791 | D:4      | Gained mutation: Your magical flight helps you evade
                  | attacks. (EV +4) [Tengu growth]
  3791 | D:4      | Reached XP level 7. HP: 36/36 MP: 5/14
  4188 | D:5      | Entered Level 5 of the Dungeon
  4280 | D:4      | Learned a level 4 spell: Airstrike
  4355 | D:5      | Noticed Ijyb
  4393 | D:5      | Killed Ijyb
  4403 | D:5      | Reached skill level 5 in Spellcasting
  4452 | D:5      | Reached skill level 5 in Conjurations
  4472 | D:5      | Found a sand-covered staircase.
  4482 | D:5      | Reached skill level 1 in Staves
  4485 | Ossuary  | Entered an ossuary
  4639 | Ossuary  | Reached XP level 8. HP: 27/41 MP: 9/17
  4646 | Ossuary  | Learned a level 2 spell: Static Discharge
  5098 | D:5      | Found a white marble altar of Elyvilon.
  5254 | D:5      | Found a large runed translucent door.
  5255 | D:5      | Found a large runed translucent door.
  5262 | D:5      | Noticed a yak
  5303 | D:5      | Reached skill level 5 in Dodging
  5365 | D:5      | Identified the +1 robe of Terror {rElec rF+ Int+3}
  5468 | D:5      | Found a large runed translucent door.
  5469 | D:5      | Found a large runed translucent door.
  5478 | D:5      | Killed a yak
  5479 | D:5      | Reached skill level 6 in Conjurations
  5486 | D:5      | Identified the +5 dagger of Bespelled Valour {protect, rN+}
  5619 | D:5      | Reached XP level 9. HP: 45/45 MP: 10/19
  6059 | D:6      | Found a glowing drain.
  6063 | Sewer    | Entered a sewer
  6761 | D:6      | Found a staircase to the Ecumenical Temple.
  6771 | Temple   | Entered the Ecumenical Temple
  6778 | Temple   | Became a worshipper of Vehumet
  6939 | D:6      | Found an opulent altar of Gozag.
  7293 | D:6      | Reached skill level 7 in Conjurations
  7745 | D:7      | Found a runed translucent gate.
  7745 | D:7      | Found a runed translucent gate.
  7745 | D:7      | Found a runed translucent gate.
  7751 | D:7      | Noticed Newt's ghost (amateur KoHu)
  7753 | D:7      | Identified the +9 plate armour of the Heavens {rC+ Regen+}
  7775 | D:7      | Killed Newt's ghost
  7786 | D:7      | Reached * piety under Vehumet
  7786 | D:7      | Offered knowledge of Foxfire by Vehumet.
  7930 | D:6      | Learned a level 1 spell: Foxfire
  7937 | D:7      | Reached skill level 8 in Conjurations
  8147 | D:7      | Identified the +5 scale mail of Impermeability {Str+4}
  8211 | D:7      | Found a bloodstained altar of Trog.
  8216 | D:7      | Reached XP level 10. HP: 43/50 MP: 15/22
  8276 | D:7      | Identified the +6 short sword of Duem {heavy, rF+ Int+3}
  8756 | D:7      | Found a glowing silver altar of Zin.
  8756 | D:7      | Found a sparkling altar of Nemelex Xobeh.
  9211 | D:8      | Reached skill level 9 in Conjurations
  9503 | D:8      | Offered knowledge of Poisonous Vapours by Vehumet.
  9907 | D:8      | Reached ** piety under Vehumet
  9992 | D:8      | Found a blossoming altar of Fedhas.
 10116 | D:9      | Found a runed translucent gate.
 10116 | D:9      | Found a runed translucent gate.
 10116 | D:9      | Noticed a spectral wolf spider
 10117 | D:9      | Found a runed translucent gate.
 10119 | D:9      | Noticed a spectral centaur warrior
 10119 | D:9      | Noticed heikuro's ghost (novice FoFi)
 10523 | D:10     | Entered Level 10 of the Dungeon
 10692 | D:10     | Reached skill level 10 in Conjurations
 10747 | D:10     | Reached XP level 11. HP: 42/54 MP: 2/25
 10996 | D:10     | Noticed an oklob plant
 11000 | D:10     | Killed an oklob plant
 11170 | D:10     | Reached skill level 11 in Conjurations
 11488 | D:10     | Reached skill level 10 in Air Magic
 11843 | D:10     | Offered knowledge of Stone Arrow by Vehumet.
 11852 | D:10     | Learned a level 3 spell: Stone Arrow
 11936 | D:10     | Noticed a soul eater
 12290 | D:10     | Found a staircase to the Lair.
 12560 | D:11     | Noticed a two-headed ogre
 12575 | D:11     | Killed a two-headed ogre
 12576 | D:11     | Reached skill level 10 in Spellcasting
 12735 | D:11     | Reached skill level 12 in Conjurations
 12782 | D:11     | Reached *** piety under Vehumet
 12838 | D:11     | Learned a level 5 spell: Freezing Cloud
 12844 | D:11     | Learned a level 5 spell: Fireball
 13271 | D:11     | Offered knowledge of Hailstorm by Vehumet.
 13606 | D:11     | Reached XP level 12. HP: 59/59 MP: 20/27
 13612 | D:11     | Reached skill level 13 in Conjurations
 14131 | D:12     | Noticed a two-headed ogre
 14135 | D:12     | Killed a two-headed ogre
 14388 | D:12     | Found a staircase to the Orcish Mines.
 14512 | D:12     | Found a broken altar of Ashenzari.
 15545 | D:13     | Reached **** piety under Vehumet
 15734 | D:13     | Noticed a centaur warrior
 15738 | D:13     | Killed a centaur warrior
 15739 | D:13     | Reached skill level 14 in Conjurations
 15760 | D:13     | Noticed a centaur warrior
 15762 | D:13     | Noticed a two-headed ogre
 16063 | D:13     | Noticed a tengu warrior
 16339 | D:13     | Killed a tengu warrior
 16354 | D:13     | Noticed an eight-headed hydra
 16359 | D:13     | Killed an eight-headed hydra
 16426 | D:13     | Noticed a centaur warrior
 16461 | D:13     | Shot with an arrow by a centaur warrior

Illustrated notes

Levels and vault maps discovered:
D:1:      dpeg_arrival_three_smaller_balls, layout_basic
D:2:      layout_loops_corners, serial_shops, shop,
          dreamdust_ecumenical_altar_grove
D:3:      layout_loops_ring
D:4:      layout_rooms, mainiacjoe_overflow_chevrons,
          hangedman_decor_peaks_small
D:5:      layout_rooms, mainiacjoe_overflow_boulevard,
          chequers_ossuary_entry_cave, minmay_hollow_rounded_squares, uniq_ijyb
D:6:      layout_loops_cross, mainiacjoe_overflow_brackets,
          minmay_temple_entry_glass, gup_sewer_entry_bowl
D:7:      layout_loops_ring, mainiacjoe_overflow_large_starburst,
          old_standard_altar, biasface_ghost_orc_armoury
D:8:      nicolae_cairo_tiling_large_dashed, layout_rooms, kennysheep_mini
D:9:      layout_basic, gammafunk_ghost_necromancy
D:10:     layout_basic, dpeg_oklobed_lair, kennysheep_generic_room_11
D:11:     layout_long_grid, hangedman_abyss_or_decor_stabs
D:12:     layout_loops_ring, david_orc_3, evilmike_ruin_ashenzari
D:13:     layout_small_grid, serial_shops, nicolae_shop_statue_plus
Temple:   nicolae_temple_no_exploring_needed

Skill      XL: |  1  2  3  4  5  6  7  8  9 10 11 12 |
---------------+-------------------------------------+-----
Conjurations   | 2 3 4 5 6 8 10 12 14 | 14.6
Spellcasting   | 3 4 5 6 7 9 10 11 | 11.7
Dodging        | 3 4 5 6 7 8 9 |  9.8
Air Magic      | 5 6 7 8 9 10 11 | 11.9
Staves         | 1 3 4 |  4.3
Stealth        | |  2.0

Action                     |  1- 3 |  4- 6 |  7- 9 | 10-12 || total
---------------------------+-------+-------+-------+-------++-------
  Melee: Staff             |       |       |    54 |    23 ||    77
         Kick              |       |       |    17 |     9 ||    26
         Peck              |       |       |    12 |     6 ||    18
         Punch             |       |       |     3 |     1 ||     4
   Cast: Shock             |    69 |    81 |   215 |   216 ||   581
         Swiftness         |       |       |     1 |     3 ||     4
         Static Discharge  |       |       |    46 |    86 ||   132
         Airstrike         |       |       |    19 |    51 ||    70
         Foxfire           |       |       |       |     7 ||     7
         Stone Arrow       |       |       |       |    34 ||    34
         Freezing Cloud    |       |       |       |    14 ||    14
         Fireball          |       |       |       |    18 ||    18
  Evoke: Wand              |       |       |     1 |       ||     1
 Armour: Robe              |     6 |     6 |    33 |   103 ||   148
  Dodge: Dodged            |     9 |    10 |    80 |   230 ||   329

Table legend: (Time is in decaauts)
 A = Elapsed time spent in this place.
 B = Non-inter-level travel time spent in this place.
 C = Inter-level travel time spent in this place.
 D = Time resting spent in this place.
 E = Time spent auto-exploring this place.
 F = Levels seen in this place.
 G = Mean time per level.
                   A        B        C        D        E       F      G
               +--------+--------+--------+--------+--------+-----+--------+
         Total |  16454 |  15930 |    524 |   1696 |  11922 |  16 | 1028.4 |
       Dungeon |  15236 |  14712 |    524 |   1500 |  11155 |  13 | 1172.0 |
        Temple |     17 |     17 |      0 |      0 |      0 |   1 |   17.0 |
         Sewer |    621 |    621 |      0 |      0 |    502 |   1 |  621.0 |
       Ossuary |    578 |    578 |      0 |    196 |    265 |   1 |  578.0 |
               +--------+--------+--------+--------+--------+-----+--------+

Top non-repeatable levels by time:
    D:10: 1682 daAuts
    D:11: 1611 daAuts
    D:12: 1581 daAuts
     D:6: 1407 daAuts
     D:4: 1218 daAuts
     D:1: 1210 daAuts
     D:7: 1158 daAuts
     D:5: 1084 daAuts
     D:2: 1076 daAuts
     D:8: 916 daAuts
     D:9: 825 daAuts
    D:13: 740 daAuts
     D:3: 722 daAuts
   Sewer: 621 daAuts
 Ossuary: 578 daAuts
